 Dungeon Crawl Stone Soup version 0.29-a0-821-g6639535 (webtiles) character file.

Game seed: 12445149824286552365

957 Illumine the Cleaver (level 7, -6/64 HPs)
             Began as a Minotaur Fighter on July 7, 2022.
             Mangled by a lemure (7 damage)
             ... led by Pikel
             ... on level 5 of the Dungeon.
             The game lasted 00:02:44 (3583 turns).

Illumine the Cleaver (Minotaur Fighter)             Turns: 3583, Time: 00:02:44

Health: -6/64      AC: 11    Str: 22    XL:     7   Next: 91%
Magic:  6/6        EV:  7    Int:  5    God:
Gold:   283        SH:  4    Dex: 10    Spells: 6/6 levels left

rFire   . . .      SeeInvis .   a - +0 war axe
rCold   . . .      Faith    +   c - +0 buckler
rNeg    . . .      Spirit   .   l - +0 chain mail
rPois   .          Reflect  .   (helmet restricted)
rElec   .          Harm     .   h - +0 cloak
rCorr   .          Rampage  .   (no gloves)
Will    .....                   (no boots)
Stlth   ..........              j - amulet of faith
HPRegen 0.20/turn               (no ring)
MPRegen 0.10/turn               (no ring)

@: no status effects
A: horns 2, retaliatory headbutt
a: no special abilities


You were on level 5 of the Dungeon.
You visited 1 branch of the dungeon, and saw 5 of its levels.

You collected 283 gold pieces.

Inventory:

Hand Weapons
 a - a +0 war axe (weapon)
Armour
 c - a +0 buckler (worn)
 h - a +0 cloak (worn)
 l - a +0 chain mail (worn)
Jewellery
 j - an amulet of faith (around neck)
Scrolls
 b - a scroll of enchant armour
 d - a scroll of vulnerability
 i - a scroll of fog
 m - a scroll of blinking {unknown}
 n - 3 scrolls of teleportation
 p - a scroll of poison {unknown}
 q - a scroll of enchant weapon {unknown}
 r - a scroll of magic mapping {unknown}
Potions
 e - 3 potions of brilliance
 f - 4 potions of flight
 g - 2 potions of attraction {unknown}
 k - a potion of resistance {unknown}
 o - a potion of cancellation {unknown}
 s - a potion of heal wounds {unknown}


   Skills:
 + Level 6.5 Fighting
 * Level 8.0 Axes
 + Level 6.4 Armour
 - Level 4.0 Shields


You had 6 spell levels left.
You didn't know any spells.
Your spell library contained the following spells:

 Spells                   Type           Power      Damage    Failure   Level
 Sandblast                Erth           0%         2d4       99%         1
 Ensorcelled Hibernation  Hex/Ice        0%         N/A       100%        2
 Passwall                 Tmut/Erth      0%         N/A       100%        2
 Stone Arrow              Conj/Erth      0%         3d7       100%        3
 Swiftness                Air            0%         N/A       100%        3
 Olgreb's Toxic Radiance  Pois           0%         N/A       100%        4
 Ozocubu's Refrigeration  Ice            0%         4d5       100%        7
 Ignition                 Fire           0%         3d3       100%        8


Dungeon Overview and Level Annotations

Branches:
Dungeon (5/15)
 Temple: D:4-7

Altars:
Uskayaw

Portals:
Sewer: D:5

Annotations:
D:5 Pikel


Innate Abilities, Weirdness & Mutations

You have a pair of horns on your head.
You reflexively headbutt those who attack you in melee.


Message History

Pikel hits you but does no damage. The lemure barely misses you.
You furiously retaliate!
You headbutt the lemure, but do no damage.
You barely miss Pikel. Your headbutt misses Pikel.
Pikel is heavily wounded.
You slash the lemure! You barely miss the lemure. x2
You hit the lemure but do no damage. The lemure hits you but does no damage.
Pikel barely misses you. You furiously retaliate!
You headbutt Pikel. The lemure hits you but does no damage.
The lemure closely misses you. You furiously retaliate!
You headbutt the lemure, but do no damage.
The lemure hits you but does no damage.
You closely miss Pikel.
Pikel is heavily wounded.
You closely miss the lemure. You barely miss the lemure. You hit the lemure. x2
The lemure hits you but does no damage.
Pikel hits you with a +2 whip of flaming.
Pikel burns you.
The lemure hits you but does no damage. x3
Unknown command.
You barely miss Pikel. You headbutt Pikel, but do no damage.
Pikel is heavily wounded.
You hit the lemure but do no damage. You barely miss the lemure.
You closely miss the lemure. You hit the lemure but do no damage.
The lemure hits you. x2
* * * LOW HITPOINT WARNING * * *
Pikel hits you with a +2 whip of flaming!
* * * LOW HITPOINT WARNING * * *
Pikel burns you.
* * * LOW HITPOINT WARNING * * *
The lemure hits you.
* * * LOW HITPOINT WARNING * * *
You block the lemure's attack.
Okay, then.
Okay, then.
You aren't carrying any items that you can evoke.
Unknown command.
Sorry, you're not good enough to have a special ability.
Unknown command.
The lemure attacks as you move away! The lemure hits you!
You die...

## #. ###### ###.
##....## #######...
##...... #.........
.###......#########....#
.....(....#.......#...##
......55..#.......#..##
......K@..#..###..#[..#
......55#.'..###..'...#
.......####..###..###..#
....... #.......# ##.
......# #.......# #
...... ######### ......
###...


You could see Pikel and 4 lemures.

Vanquished Creatures
  Grinder (D:4)
  Sigmund (D:4)
  A water moccasin (D:5)
  An ogre (D:5)
  A howler monkey (D:5)
  3 orc priests
  A hound (D:5)
  An orc wizard (D:4)
  2 iguanas (D:4)
  4 adders
  An ufetubus (D:5)
  2 worms
  A dart slug (D:1)
  11 orcs
  13 ball pythons
  7 endoplasms
  12 giant cockroaches
  7 goblins
  13 hobgoblins
  2 quokkas (D:1)
  8 bats
  6 frilled lizards
  3 kobolds
  9 rats
111 creatures vanquished.

Notes
Turn   | Place    | Note
-------+----------+-------------------------------------------
     0 | D:1      | Illumine the Minotaur Fighter began the quest for the Orb.
     0 | D:1      | Reached XP level 1. HP: 19/19 MP: 0/0
   175 | D:1      | Reached XP level 2. HP: 27/27 MP: 1/1
   209 | D:1      | Reached skill level 3 in Axes
   464 | D:1      | Reached XP level 3. HP: 33/33 MP: 2/2
  1224 | D:3      | Reached XP level 4. HP: 40/40 MP: 3/3
  1314 | D:3      | Reached skill level 4 in Axes
  2225 | D:4      | Reached XP level 5. HP: 46/47 MP: 4/4
  2254 | D:4      | Reached skill level 5 in Axes
  2286 | D:4      | Noticed Grinder
  2296 | D:4      | Paralysed by Grinder for 5 turns
  2303 | D:4      | Killed Grinder
  2304 | D:4      | Reached skill level 5 in Fighting
  2304 | D:4      | Reached skill level 6 in Axes
  2304 | D:4      | Reached skill level 5 in Armour
  2304 | D:4      | Reached XP level 6. HP: 35/56 MP: 5/5
  2488 | D:4      | Noticed Sigmund
  2507 | D:4      | Killed Sigmund
  2508 | D:4      | Reached XP level 7. HP: 34/62 MP: 6/6
  2517 | D:4      | Found a hide-covered altar of Uskayaw.
  2785 | D:4      | Reached skill level 7 in Axes
  3009 | D:4      | Found Ruser's Distillery.
  3133 | D:5      | Entered Level 5 of the Dungeon
  3455 | D:5      | Reached skill level 8 in Axes
  3516 | D:5      | Found a glowing drain.
  3570 | D:5      | Noticed Pikel
  3582 | D:5      | HP: 1/64 [lemure[Pikel] (6)]
  3583 | D:5      | Mangled by a lemure

Illustrated notes

Levels and vault maps discovered:
D:1:      mrwooster_arrival_statue, layout_rooms
D:2:      layout_rooms
D:3:      minmay_roachtagon, layout_basic, kennysheep_donut
D:4:      layout_rooms, nicolae_uskayaw_dance_hall, serial_shops,
          shop_fountains, kennysheep_orc_chapel, uniq_sigmund, uniq_grinder
D:5:      layout_layer_cave, nemelex_xobeh_ov_fountains_minmay,
          nicolae_gozag_seed_capital, portal_sewer_entry_d, serial_shops, shop,
          minmay_splitting_lines, kennysheep_generic_room_11, uniq_eustachio,
          uniq_pikel, uniq_blork_the_orc

Skill      XL: |  1  2  3  4  5  6  7 |
---------------+----------------------+-----
Axes           | 3 4 6 8 |  8.0
Armour         | 4 5 6 |  6.4
Fighting       | 4 5 6 |  6.5
Shields        | 4 |  4.0

Action                   |  1- 3 |  4- 6 |  7- 9 || total
-------------------------+-------+-------+-------++-------
Melee: War axe           |    77 |    73 |    44 ||   194
       Headbutt          |    12 |     9 |     4 ||    25
  Use: Potion            |       |     1 |       ||     1
       Scroll            |       |       |     7 ||     7
Armor: Scale mail        |    31 |       |       ||    31
       Chain mail        |    11 |    44 |    42 ||    97
Dodge: Dodged            |    38 |    23 |    33 ||    94
Block: Buckler           |    17 |    16 |     9 ||    42

Table legend: (Time is in decaauts)
 A = Elapsed time spent in this place.
 B = Non-inter-level travel time spent in this place.
 C = Inter-level travel time spent in this place.
 D = Time resting spent in this place.
 E = Time spent auto-exploring this place.
 F = Levels seen in this place.
 G = Mean time per level.
                   A        B        C        D        E       F      G
               +--------+--------+--------+--------+--------+-----+--------+
         Total |   3642 |   3484 |    158 |    253 |   2575 |   5 |  728.4 |
       Dungeon |   3642 |   3484 |    158 |    253 |   2575 |   5 |  728.4 |
               +--------+--------+--------+--------+--------+-----+--------+

Top non-repeatable levels by time:
     D:4: 1186 daAuts
     D:3: 1154 daAuts
     D:2: 573 daAuts
     D:1: 526 daAuts
     D:5: 201 daAuts
